TOP OF THE 1ST |
Mobile BayBears batting - Pitching for Tennessee Smokies : RHP Jose Ramirez
|
Pitching: RHP Jose Ramirez
|
|
Batting: LHB Kevin Ferguson
|
0-0: Foul Ball, location: 2F 0-1: Called Strike 0-2: Ball 1-2: Ground out 5-3 (Groundball, 5L, EV 83.1 MPH)
|
Batting: LHB Bob Myers
|
0-0: Foul Ball, location: 2F 0-1: Ball 1-1: Called Strike 1-2: Ball 2-2: Ball 3-2: SOLO HOME RUN (Flyball, 89XD, EV 106.2 MPH), Distance : 422 ft
|
Batting: LHB Soo-yeon Kym
|
0-0: Called Strike 0-1: Foul Ball, location: 2F 0-2: Foul Ball, location: 2F 0-2: Strikes out swinging
|
Batting: RHB Dustin Clark
|
0-0: Foul Ball, location: 2F 0-1: Fly out, F8 (Flyball, 8LD, EV 89.4 MPH)
|
Top of the 1st over - 1 run, 1 hit, 0 errors, 0 left on base; Mobile 1 - Tennessee 0 |
BOTTOM OF THE 1ST |
Tennessee Smokies batting - Pitching for Mobile BayBears : LHP Shelby Rich
|
Pitching: LHP Shelby Rich
|
|
Batting: RHB Eric Wiss
|
0-0: Swinging Strike 0-1: Ball 1-1: Swinging Strike 1-2: Foul Ball, location: 2F 1-2: Foul Ball, location: 2F 1-2: Ball 2-2: TRIPLE (Line Drive, 9LD, EV 108.1 MPH)
|
Batting: LHB Kwang-chih Men
|
0-0: Called Strike 0-1: Called Strike 0-2: Fly out, F9 (Flyball, 89S, EV 91.9 MPH) Runner from 3rd tags up, SCORES, throw by RF
|
Batting: RHB Brad Santanello
|
0-0: Foul Ball, location: 2F 0-1: Ball 1-1: Ball 2-1: Fly out, F8 (Flyball, 78D, EV 100.0 MPH)
|
Batting: RHB Ricardo Aguinaga
|
0-0: Called Strike 0-1: Ball 1-1: SINGLE (Flyball, 78S, EV 93.8 MPH)
|
Batting: SHB Gabriel Cruz
|
0-0: Ball 1-0: Foul Ball, location: 2F 1-1: Ball 2-1: Swinging Strike 2-2: SINGLE (Line Drive, 34D, EV 105.0 MPH) Ricardo Aguinaga to second
|
Batting: RHB David Barnard
|
0-0: Called Strike 0-1: Ball 1-1: Swinging Strike 1-2: Foul Ball, location: 2F 1-2: Strikes out swinging
|
Bottom of the 1st over - 1 run, 3 hits, 0 errors, 2 left on base; Mobile 1 - Tennessee 1 |
TOP OF THE 2ND |
Mobile BayBears batting - Pitching for Tennessee Smokies : RHP Jose Ramirez
|
Batting: LHB T.J. Duvall
|
0-0: Ball 1-0: Ball 2-0: Called Strike 2-1: Swinging Strike 2-2: Foul Ball, location: 2F 2-2: Foul Ball, location: 2F 2-2: Strikes out looking
|
Batting: RHB Blake Beale
|
0-0: Ball 1-0: Ground out 5-3 (Groundball, 56, EV 80.6 MPH)
|
Batting: RHB Franklin Villanueva
|
0-0: Called Strike 0-1: Ball 1-1: Swinging Strike 1-2: Strikes out swinging
|
Top of the 2nd over - 0 runs, 0 hits, 0 errors, 0 left on base; Mobile 1 - Tennessee 1 |
BOTTOM OF THE 2ND |
Tennessee Smokies batting - Pitching for Mobile BayBears : LHP Shelby Rich
|
Batting: RHB Jonathan Sotelo
|
0-0: Ball 1-0: Ground out 1-3 (Groundball, 15S, EV 66.2 MPH)
|
Batting: LHB Wing-tat Tai
|
0-0: Foul Ball, location: 2F 0-1: Ball 1-1: Ball 2-1: Ball 3-1: SINGLE (Groundball, 6MS, EV 71.2 MPH) (infield hit)
|
Batting: LHB Adam Conover
|
0-0: Ball 1-0: Foul Ball, location: 2F 1-1: Ball 2-1: Called Strike 2-2: Strikes out swinging
|
Batting: RHB Eric Wiss
|
0-0: Ball 1-0: Ball 2-0: Foul Ball, location: 2F 2-1: Called Strike 2-2: Strikes out looking
|
Bottom of the 2nd over - 0 runs, 1 hit, 0 errors, 1 left on base; Mobile 1 - Tennessee 1 |
TOP OF THE 3RD |
Mobile BayBears batting - Pitching for Tennessee Smokies : RHP Jose Ramirez
|
Batting: RHB Curt Barrett
|
0-0: Ball 1-0: Foul Ball, location: 2F 1-1: Ball 2-1: Foul Ball, location: 2F 2-2: Foul Ball, location: 2F 2-2: Foul Ball, location: 2F 2-2: Foul Ball, location: 2F 2-2: Ball 3-2: Base on Balls
|
Batting: RHB Andy Cunningham
|
0-0: Ball 1-0: Ball 2-0: Ball 3-0: Called Strike 3-1: Foul Ball, location: 2F 3-2: Foul Ball, location: 2F 3-2: Fielders Choice at 2nd, 5-4 (Groundball, 56, EV 102.5 MPH)
|
Batting: LHB Kevin Ferguson
|
0-0: Ball Andy Cunningham is caught stealing 2nd base 2-6 1-0: Ball 2-0: Ball 3-0: Base on Balls
|
Batting: LHB Bob Myers
|
0-0: Ball 1-0: Called Strike 1-1: Ball 2-1: SINGLE (Groundball, 4MD, EV 98.1 MPH) Kevin Ferguson to second Runner from 2nd tries for 3rd, SAFE, throw by CF made to third
|
Batting: LHB Soo-yeon Kym
|
0-0: Ball 1-0: Called Strike 1-1: Foul Ball, location: 2F 1-2: Ball 2-2: Foul Ball, location: 2F 2-2: Foul Ball, location: 2F 2-2: Ball 3-2: Foul Ball, location: 2F 3-2: Base on Balls Bob Myers to second
|
Batting: RHB Dustin Clark
|
0-0: Fly out, F9 (Flyball, 89S, EV 81.2 MPH)
|
Top of the 3rd over - 0 runs, 1 hit, 0 errors, 3 left on base; Mobile 1 - Tennessee 1 |
BOTTOM OF THE 3RD |
Tennessee Smokies batting - Pitching for Mobile BayBears : LHP Shelby Rich
|
Batting: LHB Kwang-chih Men
|
0-0: Ball 1-0: SINGLE (Flyball, 7S, EV 86.2 MPH)
|
Batting: RHB Brad Santanello
|
0-0: Called Strike 0-1: Ball 1-1: Ball 2-1: Called Strike 2-2: Ball 3-2: DOUBLE (Line Drive, 78XD, EV 99.4 MPH) Kwang-chih Men to third
|
Batting: RHB Ricardo Aguinaga
|
0-0: Ground out 5-3 (Groundball, 5, EV 82.5 MPH)
|
Batting: SHB Gabriel Cruz
|
0-0: Ball 1-0: Foul Ball, location: 2F 1-1: Ball 2-1: Fly out, F8 (Flyball, 8RD, EV 101.2 MPH) Runner from 3rd tags up, SCORES, throw by CF
|
Batting: RHB David Barnard
|
0-0: Ball 1-0: Ground out 5-3 (Groundball, 56, EV 91.9 MPH)
|
Bottom of the 3rd over - 1 run, 2 hits, 0 errors, 1 left on base; Mobile 1 - Tennessee 2 |
TOP OF THE 4TH |
Mobile BayBears batting - Pitching for Tennessee Smokies : RHP Jose Ramirez
|
Batting: LHB T.J. Duvall
|
0-0: Ball 1-0: Called Strike 1-1: Swinging Strike 1-2: Strikes out swinging
|
Batting: RHB Blake Beale
|
0-0: Fly out, F7 (Flyball, 7, EV 85.0 MPH)
|
Batting: RHB Franklin Villanueva
|
0-0: Ball 1-0: Fly out, F7 (Flyball, 7, EV 79.4 MPH)
|
Top of the 4th over - 0 runs, 0 hits, 0 errors, 0 left on base; Mobile 1 - Tennessee 2 |
BOTTOM OF THE 4TH |
Tennessee Smokies batting - Pitching for Mobile BayBears : LHP Shelby Rich
|
Batting: RHB Jonathan Sotelo
|
0-0: Called Strike 0-1: Ball 1-1: Fly out, F9 (Line Drive, 9LS, EV 91.2 MPH)
|
Batting: LHB Wing-tat Tai
|
0-0: Called Strike 0-1: Swinging Strike 0-2: Ground out 4-3 (Groundball, 4M, EV 87.5 MPH)
|
Batting: LHB Adam Conover
|
0-0: Ball 1-0: Ball 2-0: Fly out, F7 (Flyball, 7, EV 85.0 MPH)
|
Bottom of the 4th over - 0 runs, 0 hits, 0 errors, 0 left on base; Mobile 1 - Tennessee 2 |
TOP OF THE 5TH |
Mobile BayBears batting - Pitching for Tennessee Smokies : RHP Jose Ramirez
|
Batting: RHB Curt Barrett
|
0-0: Ball 1-0: Fly out, F7 (Flyball, 7D, EV 97.5 MPH)
|
Batting: RHB Andy Cunningham
|
0-0: Ball 1-0: Swinging Strike 1-1: Ground out 3-1 (Groundball, 34S, EV 69.4 MPH)
|
Batting: LHB Kevin Ferguson
|
0-0: Called Strike 0-1: Ball 1-1: Foul Ball, location: 2F 1-2: Ball 2-2: Fly out, F9 (Flyball, 9, EV 91.9 MPH)
|
Top of the 5th over - 0 runs, 0 hits, 0 errors, 0 left on base; Mobile 1 - Tennessee 2 |
BOTTOM OF THE 5TH |
Tennessee Smokies batting - Pitching for Mobile BayBears : LHP Shelby Rich
|
Batting: RHB Eric Wiss
|
0-0: Ball 1-0: Swinging Strike 1-1: Ground out 6-3 (Groundball, 6, EV 89.4 MPH)
|
Batting: LHB Kwang-chih Men
|
0-0: Foul Ball, location: 2F 0-1: Ball 1-1: Ball 2-1: Ball 3-1: Called Strike 3-2: Base on Balls
|
Batting: RHB Brad Santanello
|
0-0: Called Strike 0-1: DOUBLE (Line Drive, 78D, EV 105.6 MPH) Kwang-chih Men to third
|
Batting: RHB Ricardo Aguinaga
|
0-0: Ball 1-0: Fly out, F9 (Flyball, 9D, EV 86.2 MPH) Runner from 3rd tags up, SCORES, throw by RF Brad Santanello to third
|
Batting: SHB Gabriel Cruz
|
0-0: Intentional Walk
|
Batting: RHB David Barnard
|
0-0: Ball 1-0: Swinging Strike 1-1: Swinging Strike 1-2: Ball 2-2: Ball 3-2: Strikes out swinging
|
Bottom of the 5th over - 1 run, 1 hit, 0 errors, 2 left on base; Mobile 1 - Tennessee 3 |
TOP OF THE 6TH |
Mobile BayBears batting - Pitching for Tennessee Smokies : RHP Jose Ramirez
|
Pitching: RHP Devin Ward
|
|
Batting: LHB Bob Myers
|
0-0: Ground out 6-3 (Groundball, 6, EV 83.1 MPH)
|
Batting: LHB Soo-yeon Kym
|
0-0: Ball 1-0: Reached on error, E4 (Groundball, 4MD, EV 105.6 MPH)
|
Batting: RHB Dustin Clark
|
0-0: Called Strike 0-1: Ball 1-1: Ball 2-1: Foul Ball, location: 2F 2-2: Strikes out looking
|
Batting: LHB T.J. Duvall
|
0-0: Ball 1-0: Ground out 4-3 (Groundball, 34, EV 87.5 MPH)
|
Top of the 6th over - 0 runs, 0 hits, 1 error, 1 left on base; Mobile 1 - Tennessee 3 |
BOTTOM OF THE 6TH |
Tennessee Smokies batting - Pitching for Mobile BayBears : LHP Shelby Rich
|
Batting: RHB Jonathan Sotelo
|
0-0: Called Strike 0-1: Reached on error, E2 (Groundball, 2R, EV 66.9 MPH)
|
Batting: LHB Wing-tat Tai
|
0-0: Intentional Walk
|
Batting: LHB Adam Conover
|
0-0: Called Strike 0-1: Ball 1-1: Fielders Choice at 2nd, 4-6 (Groundball, 4, EV 90.6 MPH) Jonathan Sotelo to third
|
Pitching: LHP Jon Davis
|
|
Batting: RHB Eric Wiss
|
0-0: Ball 1-0: Foul Ball, location: 2F 1-1: Swinging Strike 1-2: Ball 2-2: Ball 3-2: Foul Ball, location: 2F 3-2: Base on Balls Adam Conover to second
|
Batting: LHB Kwang-chih Men
|
0-0: Foul Ball, location: 2F 0-1: Foul Ball, location: 2F 0-2: Fly out, F9 (Flyball, 9D, EV 87.5 MPH) Runner from 3rd tags up, SCORES, throw by RF Adam Conover to third
|
Batting: RHB Brad Santanello
|
0-0: Called Strike 0-1: Called Strike 0-2: Foul Ball, location: 2F 0-2: Foul Ball, location: 2F 0-2: Ball 1-2: Strikes out swinging
|
Bottom of the 6th over - 1 run, 0 hits, 1 error, 2 left on base; Mobile 1 - Tennessee 4 |
TOP OF THE 7TH |
Mobile BayBears batting - Pitching for Tennessee Smokies : RHP Devin Ward
|
Batting: RHB Blake Beale
|
0-0: Called Strike 0-1: Hit by Pitch
|
Batting: RHB Franklin Villanueva
|
0-0: Fly out, F8 (Flyball, 8LM, EV 88.8 MPH)
|
Batting: RHB Curt Barrett
|
0-0: Ball 1-0: Swinging Strike 1-1: Ball 2-1: Fielders Choice at 2nd, 6-4 (Groundball, 6, EV 86.9 MPH)
|
Pinch Hitting: LHB Enrique Andrade
|
0-0: Ball 1-0: Called Strike 1-1: DOUBLE (Flyball, 78XD, EV 101.9 MPH) Curt Barrett to third
|
Batting: LHB Kevin Ferguson
|
0-0: Called Strike 0-1: Ball 1-1: Ball 2-1: Ball 3-1: Called Strike 3-2: Foul Ball, location: 2F 3-2: Base on Balls
|
Batting: LHB Bob Myers
|
0-0: Ball 1-0: Called Strike 1-1: Foul Ball, location: 2F 1-2: Ball 2-2: Strikes out swinging
|
Top of the 7th over - 0 runs, 1 hit, 0 errors, 3 left on base; Mobile 1 - Tennessee 4 |
BOTTOM OF THE 7TH |
Tennessee Smokies batting - Pitching for Mobile BayBears : LHP Jon Davis
|
Now in LF: Enrique Andrade
|
|
Now in CF: Kevin Ferguson
|
|
Batting: RHB Ricardo Aguinaga
|
0-0: Ground out 6-3 (Groundball, 6, EV 81.9 MPH)
|
Batting: SHB Gabriel Cruz
|
0-0: Fly out, F9 (Flyball, 89M, EV 85.0 MPH)
|
Batting: RHB David Barnard
|
0-0: SINGLE (Groundball, 34D, EV 95.0 MPH)
|
Batting: RHB Jonathan Sotelo
|
0-0: Called Strike 0-1: Called Strike 0-2: SINGLE (Groundball, 3D, EV 100.6 MPH) David Barnard to second Runner from 2nd tries for 3rd, SAFE, throw by RF made to third
|
Batting: LHB Wing-tat Tai
|
0-0: Ball 1-0: Swinging Strike 1-1: Ball 2-1: Foul Ball, location: 2F 2-2: Foul Ball, location: 2F 2-2: Strikes out swinging
|
Bottom of the 7th over - 0 runs, 2 hits, 0 errors, 2 left on base; Mobile 1 - Tennessee 4 |
TOP OF THE 8TH |
Mobile BayBears batting - Pitching for Tennessee Smokies : RHP Devin Ward
|
Pitching: LHP Colin Scott
|
|
Batting: LHB Soo-yeon Kym
|
0-0: Called Strike 0-1: Swinging Strike 0-2: Strikes out swinging
|
Batting: RHB Dustin Clark
|
0-0: Foul Ball, location: 2F 0-1: Ground out 4-3 (Groundball, 4M, EV 110.6 MPH)
|
Pinch Hitting: RHB Edgar Garcia
|
0-0: Called Strike 0-1: Ball 1-1: Ground out 3-1 (Groundball, 34, EV 89.4 MPH)
|
Top of the 8th over - 0 runs, 0 hits, 0 errors, 0 left on base; Mobile 1 - Tennessee 4 |
BOTTOM OF THE 8TH |
Tennessee Smokies batting - Pitching for Mobile BayBears : LHP Jon Davis
|
Pitching: RHP Ming-feng Pi
|
|
Now at 1B: Jeremy Adams
|
|
Batting: LHB Adam Conover
|
0-0: Ball 1-0: Foul Ball, location: 2F 1-1: Hit by Pitch
|
Batting: RHB Eric Wiss
|
0-0: Called Strike 0-1: Ball 1-1: Ground out 5-3 (Groundball, 56S, EV 65.0 MPH) Adam Conover to second
|
Batting: LHB Kwang-chih Men
|
0-0: Foul Ball, location: 2F 0-1: Foul Ball, location: 2F 0-2: Ball 1-2: Ground out 6-3 (Groundball, 6, EV 87.5 MPH)
|
Batting: RHB Brad Santanello
|
0-0: Ball 1-0: Foul Ball, location: 2F 1-1: Ball 2-1: Ball 3-1: Base on Balls
|
Batting: RHB Ricardo Aguinaga
|
0-0: Ball 1-0: SINGLE (Groundball, 6MD, EV 108.1 MPH) Adam Conover to third Brad Santanello to second Runner from 3rd tries for Home, throw by CF and OUT! 8-2
|
Bottom of the 8th over - 0 runs, 1 hit, 0 errors, 2 left on base; Mobile 1 - Tennessee 4 |
TOP OF THE 9TH |
Mobile BayBears batting - Pitching for Tennessee Smokies : LHP Colin Scott
|
Pitching: RHP Harry Poindexter
|
|
Batting: RHB Blake Beale
|
0-0: Called Strike 0-1: Ball 1-1: Ball 2-1: Ball 3-1: Called Strike 3-2: Strikes out swinging
|
Pinch Hitting: LHB Jeff Densmore
|
0-0: Ball 1-0: Ball 2-0: Called Strike 2-1: Called Strike 2-2: Ball 3-2: Base on Balls
|
Batting: RHB Curt Barrett
|
0-0: Foul Ball, location: 2F 0-1: Ball 1-1: Foul Ball, location: 2F 1-2: Ball 2-2: Ball 3-2: Strikes out swinging
|
Batting: LHB Enrique Andrade
|
0-0: Called Strike 0-1: Swinging Strike 0-2: Strikes out swinging
|
Top of the 9th over - 0 runs, 0 hits, 0 errors, 1 left on base; Mobile 1 - Tennessee 4 |
|